AoeStats
← NoFanMePlz

Arena

510294671Analyzed
1v1 RM · 20h ago on Sep 30, 2026· 38m 17s· 2 players
Game mode
Random Map
Map size
Tiny (2 player)
Population
200
Speed
Normal
Resources
Standard
Victory
Conquest
Starting age
Dark Age
Ending age
Imperial Age
RankedLock teamsTeams togetherTeam positionsShared explorationLock speedFull tech treeHidden civsTurbo modeCheats
Victory
Defeat
🇺🇸 Tupi · United States
804
+18
🇦🇷 Turks · Argentina
848
-18
NoFanMePlz
8:45 Loom
11:04 Feudal Age
11:49 Double-Bit Axe
11:45 Horse Collar
12:03 Gold Mining
14:01 Wheelbarrow
13:53 Stone Mining
18:39 Castle Age
17:04 Fletching
19:18 Wheelbarrow
27:31 Ballistics
27:31 Padded Archer Armor
29:21 Leather Archer Armor
29:27 Bow Saw
29:56 Murder Holes
31:27 Heavy Plow
31:35 Heavy Plow
35:52 Imperial Age
33:35 Bodkin Arrow
34:35 Scale Mail Armor
35:58 Elite Janissary
37:27 Ring Archer Armor
Orion The Destroyer
11:48 Feudal Age
17:05 Castle Age
16:20 Double-Bit Axe
16:44 Horse Collar
27:26 Gold Mining
27:29 Stone Mining
28:21 Bow Saw
32:35 Imperial Age
30:39 Padded Archer Armor
30:57 Fletching
31:43 Leather Archer Armor
31:56 Bodkin Arrow
32:50 Heavy Plow
33:48 Wheelbarrow
34:38 Two-Man Saw
34:51 Bracer
35:29 Hand Cart
35:51 Ring Archer Armor
35:48 Elite Blackwood Archer
37:30 Forging
38:22 Curare
Connection lost

Rejoining the realm…

Still unreachable

The connection could not be restored.

Session expired

The server has moved on; the page needs a fresh start.